 Dungeon Crawl Stone Soup version 0.22.0-18-ge075c0d (webtiles) character file.

1652 Lew the Ducker (level 8, -3/96 HPs)
             Began as a Demonspawn Abyssal Knight on Aug 18, 2018.
             Was an Elder of Lugonu.
             Slain by an orc warrior
             ... wielding a +0 halberd
              (13 damage)
             ... on level 6 of the Dungeon.
             The game lasted 00:19:34 (6699 turns).

Lew the Ducker (Demonspawn Abyssal Knight)          Turns: 6699, Time: 00:19:34

Health: -3/96      AC: 24    Str: 13    XL:     8   Next: 68%
Magic:  10/10      EV:  2    Int: 19    God:    Lugonu [****..]
Gold:   331        SH:  8    Dex: 14    Spells: 7/7 levels left

rFire    . . .     SeeInvis .   m - -3 short sword (curse)
rCold    . . .     Gourm    .   y - +0 shield
rNeg     + + +     Faith    .   (armour currently unavailable)
rPois    +         Spirit   .   (helmet currently unavailable)
rElec    .         Reflect  .   (cloak currently unavailable)
rCorr    .         Harm     .   (gloves currently unavailable)
MR       .....     NoTele   +   (boots currently unavailable)
Stlth    +.........             (no amulet)
HPRegen  0.26/turn              q - ring of flight
MPRegen  0.12/turn              k - ring of poison resistance

@: brilliant, tree-form, very slightly contaminated, heavily drained
A: no striking features
a: Depart the Abyss, Bend Space, Banish, Corrupt, Renounce Religion


You were on level 6 of the Dungeon.
You worshipped Lugonu.
Lugonu was greatly pleased with you.
You were not hungry.
You were a tree.
You visited 2 branches of the dungeon, and saw 7 of its levels.
You visited the Abyss 1 time.
You also visited: Sewer.

You collected 331 gold pieces.

Inventory:

Hand Weapons
 a - a +2 falchion
 f - a +0 whip of electrocution
 m - a cursed -3 short sword (weapon)
Armour
 d - a +0 ring mail of magic resistance
 i - a +1 ring mail of cold resistance
 o - a +0 troll leather armour (melded) {Purgy}
 u - a +0 buckler
 w - a cursed +0 helmet (melded)
 y - a +0 shield (worn)
Jewellery
 e - an uncursed ring of fire
 k - a ring of poison resistance (right branch)
 q - a ring of flight (left branch)
Wands
 n - a wand of digging (14)
 t - a wand of flame (50)
 v - a wand of paralysis (15)
 A - a wand of iceblast (13)
Scrolls
 b - 5 scrolls of teleportation
 s - a scroll of identify
Potions
 l - 2 potions of haste
 r - 2 potions of lignification
 x - a potion of magic
Comestibles
 c - 5 rations


   Skills:
 + Level 5.6(4.4) Fighting
 + Level 4.6(3.4) Long Blades
 + Level 4.6(3.4) Armour
 + Level 5.7(4.4) Dodging
 * Level 2.9(1.7) Shields
 - Level 3.0(1.8) Invocations


You had 7 spell levels left.
You didn't know any spells.
Your spell library was empty.

Dungeon Overview and Level Annotations

Branches:
Dungeon (6/15)             Temple (1/1) D:4

Altars:
Ashenzari
Cheibriados
Dithmenos
Elyvilon
Fedhas
Gozag
Hepliaklqana
Kikubaaqudgha
Makhleb
Nemelex Xobeh
Ru
Sif Muna
Trog
Uskayaw
Vehumet
Wu Jian
Yredelemnul
The Shining One


Innate Abilities, Weirdness & Mutations

((You are completely covered in large bone plates. (SH +8)))
((You are mostly covered in sharp spines.))


Message History

The orc priest begins to cast a cantrip, but forgets the words!
You feel better. The orc warrior barely misses you.
Okay, then.
You cannot teleport because you are held in place by your roots.
The orc warrior hits you from afar with a halberd.
* * * LOW HITPOINT WARNING * * *
The orc warrior barely misses you.
The orc warrior hits you from afar with a halberd.
* * * LOW HITPOINT WARNING * * *
The orc warrior hits you but does no damage.
You block the orc warrior's attack.
The orc warrior hits you from afar with a halberd.
* * * LOW HITPOINT WARNING * * *
The orc warrior hits you from afar with a halberd!
* * * LOW HITPOINT WARNING * * *
You block the orc warrior's attack.
The orc priest calls upon Beogh to heal the orc warrior.
The orc warrior's wounds heal themselves!
The orc warrior hits you from afar with a halberd!
You die...

.........# #....#
.........#
#....######
.........#
#.........#
.........#
###'#.###.#
.........# #.#.#
#.# #.....####
#.#.# #.# ....###
#####.#†# #.#
###o####
#.....#.###.#
#..o.#
#.#####♣#?..#
#.##.#
#§#.oo..#.###
#.##.###§#.#####.#
#.##.§§§o§§§.###.#
########§§§#.....#
###########


You could see an orc warrior and an orc priest.

Vanquished Creatures
  A sky beast (D:5)
  Purgy (Sewer)
  5 ogres
  A phantom (D:5)
  A scorpion (D:5)
  A water moccasin skeleton (D:5)
  2 vampire bats (D:4)
  2 bullfrog zombies
  A quasit (D:5)
  A crimson imp (D:6)
  A hound (D:5)
  A jelly (D:5)
  A bullfrog skeleton (D:5)
  A centaur skeleton (D:4)
  Jessica (D:2)
  Natasha (thrice) (D:3)
  2 worker ants (D:6)
  A hound zombie (D:5)
  A hound skeleton (D:6)
  3 worker ant zombies
  9 adders
  8 gnolls
  2 river rats (D:4)
  A shadow imp (D:6)
  2 oozes
  An adder skeleton (D:4)
  An adder zombie (D:6)
  2 worms (D:2)
  3 dart slugs (D:1)
  6 leopard geckos
  9 orcs
  3 ball pythons
  6 bats
  4 bat skeletons (D:4)
  2 bat zombies (D:4)
  2 giant cockroaches
  7 hobgoblins
  5 jackals
  A quokka (D:2)
  4 frilled lizards
  15 goblins
  16 kobolds
  6 rats (D:1)
146 creatures vanquished.

Vanquished Creatures (others)
  2 starspawn tentacles (Abyss:1)
2 creatures vanquished.

Grand Total: 148 creatures vanquished

Notes
Turn   | Place    | Note
-------+----------+-------------------------------------------
     0 | Abyss:1  | Lew the Demonspawn Abyssal Knight began the quest for the Orb.
     0 | Abyss:1  | Reached XP level 1. HP: 18/18 MP: 2/2
   111 | Abyss:1  | Noticed a tentacled starspawn
   115 | Abyss:1  | Noticed a large abomination
   151 | Abyss:1  | Noticed a starcursed mass
   156 | D:1      | Escaped the Abyss
   183 | D:1      | Reached skill level 1 in Dodging
   564 | D:1      | Gained mutation: You are partially covered in large bone plates. (SH +4) [demonic ancestry]
   564 | D:1      | Reached XP level 2. HP: 22/24 MP: 4/4
   628 | D:1      | Reached * piety under Lugonu
  1280 | D:1      | Gained mutation: You are partially covered in sharp spines. [demonic ancestry]
  1280 | D:1      | Reached XP level 3. HP: 29/29 MP: 5/5
  2293 | D:2      | Found a faded altar of an unknown god.
  2345 | D:2      | Gained mutation: You are mostly covered in large bone plates. (SH +6) [demonic ancestry]
  2345 | D:2      | Reached XP level 4. HP: 25/35 MP: 6/6
  2556 | D:2      | Noticed Jessica
  2567 | D:2      | Killed Jessica
  2930 | D:3      | Reached ** piety under Lugonu
  3098 | D:3      | Reached XP level 5. HP: 30/42 MP: 7/7
  3769 | D:3      | Noticed Natasha
  3783 | D:3      | Killed Natasha
  3791 | D:3      | Noticed Natasha
  3807 | D:3      | Killed Natasha
  4218 | D:3      | Noticed Natasha
  4224 | D:3      | Killed Natasha
  4224 | D:3      | Gained mutation: You are mostly covered in sharp spines. [demonic ancestry]
  4224 | D:3      | Reached XP level 6. HP: 42/48 MP: 8/8
  4354 | D:4      | Found a glowing drain.
  4369 | Sewer    | Entered a sewer
  4475 | Sewer    | Noticed Purgy
  4479 | Sewer    | Killed Purgy
  4479 | Sewer    | Reached XP level 7. HP: 49/55 MP: 9/9
  4735 | D:4      | Found an opulent altar of Gozag.
  4927 | D:4      | Found an ancient bone altar of Kikubaaqudgha.
  4933 | D:4      | Reached *** piety under Lugonu
  5033 | D:4      | Found a staircase to the Ecumenical Temple.
  5048 | Temple   | Entered the Ecumenical Temple
  5324 | D:5      | Entered Level 5 of the Dungeon
  5433 | D:5      | Reached skill level 5 in Fighting
  5433 | D:5      | Reached skill level 5 in Dodging
  5507 | D:5      | Gained mutation: You are completely covered in large bone plates. (SH +8) [demonic ancestry]
  5507 | D:5      | Reached XP level 8. HP: 62/62 MP: 10/10
  5752 | D:5      | Reached skill level 1 in Shields
  6393 | D:6      | Reached **** piety under Lugonu
  6699 | D:6      | Slain by an orc warrior

Skill      XL: |  1  2  3  4  5  6  7  8 |
---------------+-------------------------+-----
Dodging        | 1 2 3 4 5 |  5.7
Long Blades    | 2 3 4 |  4.6
Armour         | 2 3 4 |  4.6
Invocations    | 3 |  3.0
Fighting       | 4 5 |  5.6
Shields        | 2 |  2.9

Action                   |  1- 3 |  4- 6 |  7- 9 || total
-------------------------+-------+-------+-------++-------
Melee: Falchion          |    36 |       |       ||    36
       Whip              |    49 |   122 |    71 ||   242
       Dagger            |    65 |    15 |       ||    80
       Short sword       |       |       |   266 ||   266
Invok: Depart the Abyss  |     1 |       |       ||     1
       Bend Space        |       |       |     3 ||     3
  Use: Scroll            |     5 |     5 |     5 ||    15
       Potion            |     1 |     1 |    10 ||    12
 Stab: Invisible         |       |       |     2 ||     2
       Sleeping          |       |       |     1 ||     1
  Eat: Chunk             |     3 |     2 |     1 ||     6
       Ration            |     1 |     1 |     2 ||     4
Armor: Leather armour    |     8 |       |       ||     8
       Ring mail         |    35 |    44 |       ||    79
       Troll leather arm |       |       |    45 ||    45
       Skin              |       |       |     4 ||     4
Dodge: Dodged            |    73 |    61 |   125 ||   259
Block: Other             |    22 |    47 |    29 ||    98
       Shield            |       |       |   114 ||   114
       Buckler           |       |       |    52 ||    52
       Rpst.: Falchion   |     9 |       |       ||     9
